 Dungeon Crawl Stone Soup version 0.28.0-43-g3370ac3207 (console) character file.

Game seed: 18383999461759051236

33519 Zeor the Impaler (level 13, -4/104 HPs)
             Began as a Merfolk Gladiator on Mar 30, 2022.
             Was a High Priest of Okawaru.
             Slain by a catoblepas (11 damage)
             ... on level 2 of the Lair of Beasts on Mar 31, 2022.
             The game lasted 00:51:36 (14044 turns).

Zeor the Impaler (Merfolk Gladiator)               Turns: 14044, Time: 00:51:36

Health: -4/104     AC: 10    Str: 14    XL:     13   Next: 71%
Magic:  19/19      EV: 27    Int:  9    God:    Okawaru [*****.]
Gold:   311        SH:  0    Dex: 23    Spells: 12/12 levels left

rFire   + . .      SeeInvis +   a - +10 trident of Washrilas {speed, Fly}
rCold   + . .      Faith    .   (no shield)
rNeg    . . .      Spirit   .   t - +0 ring mail {rC+}
rPois   .          Reflect  .   Q - +1 helmet of Idealism {rF+ Int+2 Dex+2}
rElec   .          Harm     .   C - scarf {repulsion}
rCorr   .          Rampage  +   (no gloves)
Will    .....                   U - +1 pair of boots {rampage}
Stlth   ++++......              c - amulet of Lesser Demons {Regen+ SInv Stlth+}
HPRegen 1.07/turn               O - +4 ring of evasion
MPRegen 0.16/turn               F - +4 ring of evasion

@: flying, repel missiles
A: (nimble swimmer 2), mertail
a: Renounce Religion, Heroism, Finesse, Duel


You were on level 2 of the Lair of Beasts.
You worshipped Okawaru.
Okawaru was extremely pleased with you.
You visited 3 branches of the dungeon, and saw 12 of its levels.
You also visited: Bailey and Gauntlet.

You collected 578 gold pieces.
You spent 267 gold pieces at shops.

Inventory:

Hand Weapons
 a - the +10 trident of Washrilas (weapon) {speed, Fly}
   (You found it on level 9 of the Dungeon)

   Attacks with this weapon are significantly faster.
   Fly:       It grants you flight.
 b - the +6 hunting sling "Ackodgh" {freeze, SInv Stlth+}
   (Okawaru gifted it to you in a Gauntlet)

   Any ammunition fired from it freezes those it strikes, dealing additional
   cold damage.
   It can also slow down cold-blooded creatures.
   SInv:      It lets you see invisible.
   Stlth:     It makes you more stealthy.
 j - a +4 scythe of venom
 H - a +1 trident
 K - a +0 glaive
 S - the +8 quarterstaff "Dragon's Tongue" {freeze, Str+3 Dex+2 Stlth+}
   (You took it off a minotaur in a Gauntlet)

   It freezes those it strikes, dealing additional cold damage.
   It can also slow down cold-blooded creatures.
   Str:       It affects your strength (+3).
   Dex:       It affects your dexterity (+2).
   Stlth:     It makes you more stealthy.
Missiles
 f - 17 poisoned darts
 p - a throwing net
 s - a curare-tipped dart
 y - 15 boomerangs
 B - 16 javelins (quivered)
 R - 87 sling bullets
Armour
 t - a +0 ring mail of cold resistance (worn)
 C - a scarf of repulsion (worn)
 Q - the +1 helmet of Idealism (worn) {rF+ Int+2 Dex+2}
   (You found it in a Gauntlet)

   Int:       It affects your intelligence (+2).
   Dex:       It affects your dexterity (+2).
   rF:        It protects you from fire.
 U - a +1 pair of boots of rampaging (worn)
Jewellery
 c - the amulet of Lesser Demons (around neck) {Regen+ SInv Stlth+}
   (You took it off a minotaur in a Gauntlet)

   [amulet of regeneration]

   SInv:      It lets you see invisible.
   Regen:     It increases your rate of health regeneration.
   Stlth:     It makes you more stealthy.
 l - a ring of protection from fire
 F - a +4 ring of evasion (right hand)
 J - a ring of fire
 N - the ring of the Nightingale {rCorr MP+9}
   (You found it in a Gauntlet)

   [ring of magical power]

   MP:        It affects your magic capacity (+9).
   rCorr:     It protects you from acid and corrosion.
 O - a +4 ring of evasion (left hand)
Wands
 m - a wand of polymorph (19)
 D - a wand of mindburst (14)
 E - a wand of acid (17)
 L - a wand of digging (7)
 M - a wand of flame (21)
Scrolls
 i - 10 scrolls of teleportation
 n - 2 scrolls of enchant armour
 q - a scroll of enchant weapon
 u - 3 scrolls of blinking
 v - a scroll of fear
 w - a scroll of noise {unknown}
 z - 3 scrolls of magic mapping
 A - 2 scrolls of fog
 I - a scroll of immolation
 P - a scroll of holy word {unknown}
Potions
 d - 3 potions of cancellation
 e - a potion of heal wounds
 g - a potion of magic
 h - a potion of flight {unknown}
 o - 5 potions of curing
 r - a potion of ambrosia
 x - 2 potions of invisibility
 G - 2 potions of attraction
 T - a potion of lignification {unknown}


   Skills:
 + Level 10.7 Fighting
 - Level 18.0 Polearms
 * Level 1.1(2.8) Slings
 + Level 5.0(5.1) Throwing
 + Level 6.0 Armour
 * Level 11.2 Dodging
 - Level 5.1 Stealth
 + Level 3.9 Unarmed Combat
 * Level 9.1 Invocations
 + Level 3.4 Evocations


You had 12 spell levels left.
You didn't know any spells.
Your spell library contained the following spells:

 Spells                   Type           Power      Damage    Failure   Level
 Slow                     Hex            0%         N/A       58%         1
 Corpse Rot               Necr/Air       0%         N/A       75%         2
 Poisonous Vapours        Pois/Air       0%         N/A       75%         2
 Sublimation of Blood     Necr           0%         N/A       75%         2
 Wereblood                Tmut           0%         N/A       75%         2
 Confusing Touch          Hex            0%         N/A       92%         3
 Vampiric Draining        Necr           0%         2d6       92%         3
 Orb of Destruction       Conj           0%         9d5       100%        7
 Summon Guardian Golem    Hex/Summ       Unusable   N/A       N/A         3
 Spellforged Servitor     Conj/Summ      Unusable   N/A       N/A         7
 Summon Hydra             Summ           Unusable   N/A       N/A         7

Dungeon Overview and Level Annotations

Branches:
Dungeon (9/15)             Temple (1/1) D:6            Lair (2/6) D:9
 Bailey (visited)         Gauntlet (visited)
  Swamp: Lair:2-4    Shoals: Lair:2-4     Snake: Lair:2-4    Spider: Lair:2-4
    Orc: D:9-12

Altars:
Ashenzari
Cheibriados
Dithmenos
Elyvilon
Fedhas
Gozag
Hepliaklqana
Kikubaaqudgha
Makhleb
Nemelex Xobeh
Okawaru
Qazlal
Ru
Sif Muna
Trog
Uskayaw
Vehumet
Wu Jian
Xom
Yredelemnul
Zin
The Shining One

Shops:
D:2 [???   D:4 [

Annotations:
D:3 4 runed translucent doors, Crazy Yiuf; Okkudo's ghost, weakling HuBe
D:7 3 runed translucent doors, crimpus's ghost, novice MiBe
D:8 exclusion: door


Innate Abilities, Weirdness & Mutations

((You are very nimble when in or above water. (Stealth+, EV+, Speed+++)))
Your lower body shifts to a powerful aquatic tail in water.


Message History

You are engulfed in calcifying dust.
The catoblepas gores you!!
* * * LOW HITPOINT WARNING * * *
You are engulfed in calcifying dust.
The catoblepas gores you but does no damage.
You are engulfed in calcifying dust.
The catoblepas gores you.
* * * LOW HITPOINT WARNING * * *
The catoblepas gores you but does no damage.
The catoblepas gores you!
* * * LOW HITPOINT WARNING * * *
The catoblepas gores you but does no damage.
The catoblepas gores you.
* * * LOW HITPOINT WARNING * * *
You turn to flesh and can move again.
Unknown command.
Okay, then.
Okay, then.
You hit the catoblepas.
The catoblepas is heavily wounded.
You hit the catoblepas but do no damage.
The catoblepas is heavily wounded.
The catoblepas closely misses you.
You puncture the catoblepas!
The catoblepas is severely wounded.
You puncture the catoblepas!
The catoblepas is severely wounded.
You puncture the catoblepas!
The catoblepas is almost dead.
The catoblepas breathes a plume of calcifying dust at you.
The blast of calcifying dust hits you!
* * * LOW HITPOINT WARNING * * *
The catoblepas closely misses you.
You hit the catoblepas.
The catoblepas is almost dead.
You hit the catoblepas.
The catoblepas is almost dead.
The catoblepas breathes a plume of calcifying dust at you.
The blast of calcifying dust hits you!
* * * LOW HITPOINT WARNING * * *
The catoblepas gores you!
You die...

∙∙∙∙∙∙∙∙∙∙∙∙∙∙∙▒▒
≈§§∙∙∙∙∙∙∙∙∙∙∙∙∙▒
§§≈≈∙∙∙∙∙∙▒▒∙∙∙▒▒
§§≈≈≈≈≈∙∙∙▒▒▒∙∙▒
§§≈≈≈∙∙∙P∙▒ ▒▒▒▒
≈≈≈∙∙∙▒∙▒▒
≈≈∙∙∙∙∙∙§▒▒▒
≈§§§§§§§Y∙∙▒
∙∙∙∙∙∙∙∙m∙∙▒
∙∙∙∙∙∙∙▒∙∙∙∙∙∙∙∙


∙∙∙∙∙∙∙∙∙∙∙∙∙∙∙∙ ∙∙∙∙∙∙▒▒∙∙∙∙∙∙∙∙ ∙∙∙∙∙∙ ▒▒∙∙∙∙∙∙∙ ▒∙▒▒∙▒ ▒∙∙∙∙∙∙ ▒▒ ▒▒ ▒∙∙∙∙∙
∙∙∙∙∙ You could see a catoblepas.

Vanquished Creatures
  An orc warlord (Bailey)
  A minotaur (Gauntlet)
  A hydra (Lair:2)
  2 boulder beetles (Lair:2)
  Urug (Lair:1)
  Nergalle (Lair:1)
  An obsidian statue (Gauntlet)
  A lindwurm (Lair:2)
  Pikel (D:4)
  An orc knight (Bailey)
  A worldbinder (Gauntlet)
  A black mamba (Lair:1)
  A water nymph (shapeshifter) (D:8)
  2 cane toads (Lair:1)
  Maggie (Lair:2)
  Psyche (D:8)
  A rime drake (Lair:1)
  2 komodo dragons
  An ice devil (Gauntlet)
  Prince Ribbit (Lair:1)
  6 blink frogs (Lair:1)
  Sigmund (D:3)
  A wraith (D:9)
  25 yaks
  A basilisk (Lair:2)
  2 water moccasins
  A sky beast (D:7)
  An ice beast (D:6)
  6 orc warriors
  4 ogres (D:6)
  A black bear (D:5)
  2 hornet zombies (D:6)
  A boggart (Gauntlet)
  A phantom (D:6)
  3 centaurs
  4 lemures
  3 kobold brigands (D:9)
  6 bullfrogs
  4 scorpions
  A wyvern skeleton (D:5)
  9 killer bees
  4 howler monkeys
  3 centaur zombies
  A bullfrog zombie (D:5)
  6 hounds
  A jelly (D:7)
  A gnoll shaman (D:8)
  A centaur skeleton (D:6)
  An iguana (D:6)
  6 orc wizards
  A killer bee zombie (D:5)
  2 hound skeletons (D:4)
  A howler monkey zombie (D:8)
  A howler monkey skeleton (D:7)
  7 adders
  A river rat (D:3)
  A shadow imp (D:6)
  5 white imps
  4 worms
  2 dart slugs
  29 orcs
  9 ball pythons
  7 endoplasms
  3 giant cockroaches
  7 goblins
  11 hobgoblins
  9 jackals
  3 quokkas
  6 bats
  A frilled lizard (D:2)
  22 kobolds
  5 rats
267 creatures vanquished.

Vanquished Creatures (others)
  5 demonic plants (Gauntlet)
  9 fungi
  13 plants
27 creatures vanquished.

Grand Total: 294 creatures vanquished

Notes
Turn   | Place    | Note
-------+----------+-------------------------------------------
     0 | D:1      | Zeor the Merfolk Gladiator began the quest for the Orb.
     0 | D:1      | Reached XP level 1. HP: 16/16 MP: 1/1
   231 | D:1      | Reached XP level 2. HP: 19/23 MP: 2/2
   478 | D:1      | Found a faded altar of an unknown god.
   623 | D:1      | Reached skill level 5 in Polearms
  1085 | D:2      | Found Moint's Magic Scroll Shop.
  1140 | D:2      | Reached XP level 3. HP: 28/28 MP: 3/3
  1719 | D:2      | Found Usiphir's Magic Scroll Boutique.
  1727 | D:2      | Bought a scroll of identify for 22 gold pieces
  1755 | D:2      | Found Zefeycy's Armour Boutique.
  2025 | D:2      | Reached skill level 6 in Polearms
  2040 | D:2      | Found Quppemu's Magic Scroll Emporium.
  2043 | D:2      | Bought a scroll of teleportation for 30 gold pieces
  2241 | D:3      | Reached XP level 4. HP: 31/34 MP: 4/4
  2433 | D:3      | Found a runed translucent gate.
  2433 | D:3      | Found a runed translucent gate.
  2433 | D:3      | Found a runed translucent gate.
  2434 | D:3      | Noticed Okkudo's ghost (weakling HuBe)
  2442 | D:3      | Noticed Sigmund
  2457 | D:3      | Killed Sigmund
  2458 | D:3      | Reached skill level 7 in Polearms
  2458 | D:3      | Reached skill level 1 in Armour
  2458 | D:3      | Reached XP level 5. HP: 14/40 MP: 5/5
  2718 | D:3      | Found a runed translucent door.
  2719 | D:3      | Noticed Crazy Yiuf
  2753 | D:3      | Reached skill level 8 in Polearms
  2753 | D:3      | Reached XP level 6. HP: 46/46 MP: 6/6
  2782 | D:3      | You fall into a shaft and drop 1 floor!
  2997 | D:4      | Noticed Pikel
  3967 | D:4      | Found Giobbano's Antique Armour Shop.
  4039 | D:2      | Bought a scroll of identify for 20 gold pieces
  4039 | D:2      | Bought a scroll of identify for 20 gold pieces
  4253 | D:4      | Reached skill level 9 in Polearms
  4578 | D:4      | Killed Pikel
  4579 | D:4      | Reached skill level 10 in Polearms
  4579 | D:4      | Reached skill level 1 in Stealth
  4579 | D:4      | Reached XP level 7. HP: 42/52 MP: 7/7
  4579 | D:4      | Reached XP level 8. HP: 48/59 MP: 8/8
  4658 | D:5      | Entered Level 5 of the Dungeon
  4722 | D:5      | Reached skill level 11 in Polearms
  5028 | D:5      | Reached skill level 12 in Polearms
  5439 | D:5      | Reached skill level 5 in Dodging
  5876 | D:5      | Found a white marble altar of Elyvilon.
  6012 | D:6      | Reached skill level 13 in Polearms
  6012 | D:6      | Reached XP level 9. HP: 32/65 MP: 9/9
  6457 | D:6      | Reached skill level 14 in Polearms
  7017 | D:6      | Found a staircase to the Ecumenical Temple.
  7024 | Temple   | Entered the Ecumenical Temple
  7197 | Temple   | Became a worshipper of Warmaster Okawaru
  7763 | D:2      | Bought a scroll of blinking for 82 gold pieces
  7763 | D:2      | Bought a scroll of fear for 38 gold pieces
  7763 | D:2      | Bought a scroll of teleportation for 33 gold pieces
  7763 | D:2      | Bought a scroll of identify for 22 gold pieces
  7991 | D:7      | Reached skill level 1 in Invocations
  8019 | D:7      | Reached skill level 5 in Fighting
  8044 | D:7      | Reached skill level 15 in Polearms
  8053 | D:7      | Reached * piety under Okawaru
  8185 | D:7      | Found a runed translucent gate.
  8186 | D:7      | Found a runed translucent gate.
  8186 | D:7      | Found an opulent altar of Gozag.
  8186 | D:7      | Found a runed translucent gate.
  8191 | D:7      | Noticed a troll
  8193 | D:7      | Noticed crimpus's ghost (novice MiBe)
  8451 | D:8      | Reached XP level 10. HP: 74/74 MP: 11/11
  8462 | D:8      | Reached skill level 16 in Polearms
  8585 | D:8      | Found a flagged portal.
  8596 | D:8      | Noticed a water nymph
  8596 | D:8      | a polar bear changed into a water nymph
  8601 | D:8      | Killed a water nymph
  8601 | D:8      | Reached ** piety under Okawaru
  8610 | Bailey   | Entered a bailey
  8686 | Bailey   | Noticed an orc warlord
  8724 | Bailey   | Noticed an orc knight
  8743 | Bailey   | Killed an orc knight
  8776 | Bailey   | Found a runed translucent gate.
  8776 | Bailey   | Found a runed translucent gate.
  8784 | Bailey   | Found a runed translucent gate.
  8906 | Bailey   | Killed an orc warlord
  8906 | Bailey   | Reached *** piety under Okawaru
  8907 | Bailey   | Reached skill level 17 in Polearms
  9173 | Bailey   | Acquired a scarf of repulsion
  9279 | D:8      | Reached skill level 5 in Invocations
  9279 | D:8      | Reached XP level 11. HP: 84/84 MP: 12/15
  9280 | D:8      | Reached skill level 5 in Armour
  9280 | D:8      | Reached XP level 12. HP: 93/93 MP: 12/17
  9351 | D:8      | Noticed Psyche
  9355 | D:8      | Killed Psyche
  9356 | D:8      | Reached skill level 5 in Stealth
  9375 | D:8      | Received a gift from Okawaru
  9743 | D:8      | Noticed a four-headed hydra
 10148 | D:9      | Reached skill level 18 in Polearms
 10254 | D:9      | Reached XP level 13. HP: 94/99 MP: 18/18
 10319 | D:9      | Reached **** piety under Okawaru
 10471 | D:9      | Identified the +10 trident of Washrilas {speed, Fly}
 10676 | D:9      | Found a staircase to the Lair.
 10803 | Lair:1   | Entered Level 1 of the Lair of Beasts
 10846 | Lair:1   | Noticed Nergalle
 10863 | Lair:1   | Killed Nergalle
 10864 | Lair:1   | Reached skill level 10 in Dodging
 11189 | Lair:1   | Noticed Prince Ribbit
 11206 | Lair:1   | Killed Prince Ribbit
 11206 | Lair:1   | Reached ***** piety under Okawaru
 11240 | Lair:1   | Noticed Urug
 11254 | Lair:1   | Killed Urug
 12029 | Lair:2   | Found a gate leading to a gauntlet.
 12056 | Lair:2   | Reached skill level 10 in Fighting
 12150 | Gauntlet | Entered a Gauntlet
 12150 | Gauntlet | Found a transporter.
 12324 | Gauntlet | Found a transporter.
 12340 | Gauntlet | Found a transporter.
 12345 | Gauntlet | Found a transporter.
 12360 | Gauntlet | Found a transporter.
 12379 | Gauntlet | Found a transporter.
 12391 | Gauntlet | Found a transporter.
 12399 | Gauntlet | Noticed an entropy weaver
 12403 | Gauntlet | Found a transporter.
 12415 | Gauntlet | Found a transporter.
 12427 | Gauntlet | Found a transporter.
 12478 | Gauntlet | Found a transporter.
 12478 | Gauntlet | Found a transporter.
 12587 | Gauntlet | Found a transporter.
 12615 | Gauntlet | Found a transporter.
 12617 | Gauntlet | Found a transporter.
 12912 | Gauntlet | Identified the ring of the Nightingale {rCorr MP+9}
 12928 | Gauntlet | Identified the +6 hunting sling "Ackodgh" {freeze, SInv
                  | Stlth+} (Okawaru gifted it to you in a Gauntlet)
 12928 | Gauntlet | Received a gift from Okawaru
 12935 | Gauntlet | Identified the +1 helmet of Idealism {rF+ Int+2 Dex+2}
 12975 | Gauntlet | Identified the +8 quarterstaff "Dragon's Tongue" {freeze,
                  | Str+3 Dex+2 Stlth+}
 12975 | Gauntlet | Identified the amulet of Lesser Demons {Regen+ SInv Stlth+}
 12975 | Gauntlet | Noticed a minotaur
 13004 | Gauntlet | Killed a minotaur
 13121 | Gauntlet | Identified the +6 hand crossbow "Neschotel" {flame, rN+}
 13342 | Lair:2   | Noticed Maggie
 13362 | Lair:2   | Killed Maggie
 13790 | Lair:2   | Found a transporter.
 13791 | Lair:2   | Found a transporter.
 13817 | Lair:2   | Reached skill level 1 in Slings
 13817 | Lair:2   | Reached skill level 5 in Throwing
 14044 | Lair:2   | Slain by a catoblepas

Illustrated notes

Levels and vault maps discovered:
D:1:      lightli_arrival_quake, layout_basic,
          ebering_ecumenical_altar_sacrificial, serial_forest,
          infiniplex_forest_lined_2, infiniplex_forest_lined_3_way,
          infiniplex_forest_clump_long, infiniplex_forest_clump_small,
          infiniplex_forest_corner_1, infiniplex_forest_corner_1
D:2:      layout_basic, serial_shops, shop, nicolae_shop_stone,
          nicolae_shop_hallway_plus, nicolae_shop_behind_doors,
          chequers_serial_rivers_small_3
D:3:      layout_loops_ring, ebering_ghost_rock_garden, portal_sewer_entry_b,
          uniq_crazy_yiuf_cottage, uniq_sigmund
D:4:      minmay_recursive_quarters, layout_basic, serial_shops, shop_fountains,
          uniq_pikel
D:5:      layout_basic, nicolae_overflow_hidden_temple, dk_noncrumbling_4
D:6:      layout_loops_cross, temple_fountains, minmay_misc_feat_rows,
          nicolae_elevator_lobby_plus
D:7:      layout_rooms, ebering_ghost_gozag
D:8:      wad_cavern_with_rooms, layout_loops_ring, enter_bailey_4,
          amcnicky_mini_rare_corridor_liquid, kennysheep_another_room,
          uniq_psyche
D:9:      layout_roguey, david_lair_shrubbed
Temple:   minmay_crystal_snake_temple
Lair:1:   layout_long_grid, uniq_prince_ribbit2, uniq_nergalle, uniq_urug
Lair:2:   gammafunk_boulding_lane, layout_misc_corridors,
          gauntlet_entry_generic, lemuel_old_faithful,
          infiniplex_staircase_pool_2, lemuel_fruit_tree, uniq_maggie

Skill      XL: |  1  2  3  4  5  6  7  8  9 10 11 12 13 |
---------------+----------------------------------------+-----
Polearms       | 5 6 7 8 10 13 15 17 18 | 18.0
Armour         | 1 2 3 4 5 6 |  6.0
Fighting       | 3 4 5 7 8 10 | 10.7
Stealth        | 1 2 3 4 5 |  5.1
Dodging        | 5 8 9 11 | 11.2
Invocations    | 2 5 7 9 |  9.1
Throwing       | 3 4 5 |  5.0
Unarmed Combat | 2 3 |  3.9
Evocations     | 2 3 |  3.4
Slings         | 1 |  1.1

Action                   |  1- 3 |  4- 6 |  7- 9 | 10-12 | 13-15 || total
-------------------------+-------+-------+-------+-------+-------++-------
Melee: Trident           |   126 |    40 |       |       |   355 ||   521
       Punch             |       |     1 |       |       |    21 ||    22
       Scythe            |       |    79 |   194 |   171 |    30 ||   474
       Tailslap          |       |       |       |     6 |       ||     6
 Fire: Hunting sling     |       |       |       |       |     3 ||     3
Throw: Throwing net      |       |     3 |       |       |     1 ||     4
       Javelin           |       |       |       |       |     3 ||     3
Invok: Heroism           |       |       |       |     2 |     2 ||     4
  Use: Scroll            |     5 |     6 |     7 |     6 |     3 ||    27
       Potion            |       |     2 |       |     3 |     2 ||     7
 Stab: Sleeping          |       |     1 |     5 |     5 |     7 ||    18
       Held in net/web   |       |     1 |       |       |     4 ||     5
       Distracted        |       |       |     2 |     2 |     4 ||     8
Armor: Ring mail         |    27 |    35 |    59 |    15 |    28 ||   164
Dodge: Dodged            |    54 |    69 |   151 |   127 |   136 ||   537
       Repelled          |       |       |       |       |     1 ||     1
